AoeStats
← Kaer Morhen

Arena

510351779Analyzed
3v3 RM · 1d ago on Sep 30, 2026· 34m 24s· 6 players
Game mode
Random Map
Map size
Normal (6 player)
Population
200
Speed
Normal
Resources
Standard
Victory
Conquest
Starting age
Dark Age
Ending age
Imperial Age
RankedLock teamsTeams togetherTeam positionsShared explorationLock speedFull tech treeHidden civsTurbo modeCheats
Victory
Defeat
🇦🇷 Gurjaras · Argentina
1589
+5
🇦🇷 Varangians · Argentina
1211
+16
🇦🇷 Italians · Argentina
1168
+18
🇨🇿 Teutons · Czechia
1323
-16
🇮🇱 Spanish · Israel
1234
-12
🇨🇿 Saxons · Czechia
1193
-11
Mike
10:40 Feudal Age
14:46 Castle Age
12:45 Double-Bit Axe
13:06 Horse Collar
16:00 Bow Saw
16:11 Heavy Plow
22:36 Wheelbarrow
23:10 Gold Mining
23:10 Stone Mining
24:02 Hand Cart
24:28 Loom
28:39 Imperial Age
27:20 Fortified Wall
27:30 Ballistics
27:04 Fletching
27:14 Padded Archer Armor
28:10 Stone Shaft Mining
28:26 Bodkin Arrow
28:51 Leather Archer Armor
30:00 Bracer
31:09 Chemistry
32:31 Ring Archer Armor
33:29 Onager
pavifa
10:37 Feudal Age
12:06 Loom
14:21 Castle Age
13:25 Loom
17:50 Wheelbarrow
19:10 Double-Bit Axe
19:50 Gold Mining
20:14 Horse Collar
27:59 Heavy Plow
29:07 Hand Cart
30:29 Gold Shaft Mining
Kaer Morhen
8:08 Loom
11:11 Feudal Age
15:26 Castle Age
13:25 Double-Bit Axe
13:28 Town Watch
13:37 Horse Collar
15:53 Wheelbarrow
17:16 Bow Saw
17:08 Heavy Plow
22:56 Gold Mining
25:35 Hand Cart
25:05 Town Watch
29:21 Imperial Age
30:26 Imperial Age
28:27 Ironclad
29:00 Ballistics
29:44 Fortified Wall
29:17 Pikeman
29:58 Squires
30:02 Scale Mail Armor
30:12 Forging
32:16 Two-Man Saw
32:19 Chemistry
30:56 Onager
32:35 Crop Rotation
33:00 Conscription
Ritiskiti
10:03 Feudal Age
13:48 Castle Age
12:17 Double-Bit Axe
12:39 Horse Collar
15:29 Bow Saw
19:57 Heavy Plow
22:40 Wheelbarrow
21:51 Loom
22:20 Stone Mining
23:22 Gold Mining
25:38 Stone Shaft Mining
29:41 Imperial Age
27:59 Fletching
28:16 Padded Archer Armor
29:29 Bodkin Arrow
30:46 Bracer
34:14 Chemistry
Molle
10:23 Feudal Age
14:36 Castle Age
12:23 Double-Bit Axe
12:31 Horse Collar
15:33 Bow Saw
21:39 Loom
23:29 Wheelbarrow
23:34 Gold Mining
23:34 Stone Mining
24:04 Stone Mining
24:55 Hand Cart
25:30 Town Watch
26:42 Heavy Plow
29:30 Imperial Age
27:07 Scale Barding Armor
27:47 Forging
27:56 Padded Archer Armor
28:05 Kshatriyas
28:31 Chain Barding Armor
29:28 Iron Casting
29:04 Bloodlines
28:54 Husbandry
29:39 Elite Shrivamsha Rider
31:23 Plate Barding Armor
31:48 Scale Mail Armor
32:52 Gold Shaft Mining
32:42 Conscription
32:33 Elite Chakram Thrower
35:25 Chemistry
34:05 Treadmill Crane
34:36 Masonry
34:21 Murder Holes
Popeye
5:19 Loom
11:21 Feudal Age
12:37 Double-Bit Axe
12:58 Horse Collar
15:22 Castle Age
20:11 Gold Mining
29:02 Imperial Age
28:18 Wheelbarrow
28:25 Wheelbarrow
28:44 Bow Saw
29:31 Capped Ram
32:37 Town Watch
Connection lost

Rejoining the realm…

Still unreachable

The connection could not be restored.

Session expired

The server has moved on; the page needs a fresh start.